 Dungeon Crawl Stone Soup version 0.24.0-123-gd5b16e6ec5 (webtiles) character file.

Game seed: 17183951955352567271, levelgen mode: deterministic

966 Johnny the Carver (level 7, -8/53 HPs)
             Began as a Demigod Gladiator on Jan 23, 2020.
             Mangled by an orc warrior
             ... wielding a cursed -3 war axe
              (21 damage)
             ... on level 5 of the Dungeon.
             The game lasted 00:06:40 (4659 turns).

Johnny the Carver (Demigod Gladiator)               Turns: 4659, Time: 00:06:40

Health: -8/53      AC:  7    Str: 21    XL:     7   Next: 61%
Magic:  9/9        EV: 13    Int: 12    God:
Gold:   297        SH:  0    Dex: 17    Spells: 6/6 levels left

rFire    . . .     SeeInvis .   a - +0 long sword
rCold    . . .     Gourm    .   (no shield)
rNeg     . . .     Faith    .   b - +0 leather armour
rPois    .         Spirit   .   c - +0 helmet
rElec    .         Reflect  .   h - +2 cloak
rCorr    .         Harm     .   (no gloves)
MR       .....                  (no boots)
Stlth    +.........             (no amulet)
HPRegen  0.17/turn              (no ring)
MPRegen  0.11/turn              (no ring)

@: no status effects
A: high mp 1
a: no special abilities


You were on level 5 of the Dungeon.
You were not hungry.

You visited 2 branches of the dungeon, and saw 7 of its levels.

You collected 297 gold pieces.

Inventory:

Hand Weapons
 a - a +0 long sword (weapon)
Missiles
 d - 3 throwing nets (quivered)
Armour
 b - a +0 leather armour (worn)
 c - a +0 helmet (worn)
 h - a +2 cloak (worn)
Jewellery
 g - a +3 ring of dexterity {unknown}
 l - a +5 ring of intelligence {unknown}
Wands
 w - a wand of flame (9)
Scrolls
 j - 2 scrolls of blinking {unknown}
 k - a scroll of noise {unknown}
 n - a scroll of fog {unknown}
 o - a scroll of amnesia {unknown}
 p - 3 scrolls of remove curse
 q - 2 scrolls of random uselessness {unknown}
 s - a scroll of immolation {unknown}
 t - a scroll of enchant armour {unknown}
 u - 2 scrolls of identify {unknown}
 x - a scroll of enchant weapon {unknown}
Potions
 e - a potion of berserk rage {unknown}
 i - a potion of curing
 m - 2 potions of flight
 r - a potion of ambrosia {unknown}
Comestibles
 f - 7 rations


   Skills:
 - Level 1.7 Fighting
 + Level 8.9 Long Blades
 - Level 1.7 Throwing
 - Level 2.6 Dodging


You had 6 spell levels left.
You didn't know any spells.
Your spell library was empty.

Dungeon Overview and Level Annotations

Branches:
Dungeon (6/15)             Temple (1/1) D:4

Annotations:
D:5 Pikel


Innate Abilities, Weirdness & Mutations

You have an increased reservoir of magic. (+10% MP)


Message History

The orc warrior is moderately wounded.
The orc warrior barely misses you.
You riposte.
You closely miss the orc warrior.
The orc warrior is moderately wounded.
You hit the orc warrior.
The orc warrior is moderately wounded.
The orc warrior hits you with a cursed -3 war axe!
You closely miss the orc warrior.
The orc warrior is moderately wounded.
You slash the orc warrior!
The orc warrior is severely wounded.
The orc warrior hits you with a cursed -3 war axe!
You closely miss the orc warrior.
The orc warrior is severely wounded.
The orc warrior hits you with a cursed -3 war axe.
* * * LOW HITPOINT WARNING * * *
You barely miss the orc warrior.
The orc warrior is severely wounded.
The orc warrior hits you with a cursed -3 war axe!!
You die...

###########
#.........#
#.........#
#.........#
#.........#
#.o.......#
#..@......#
#.........#
#.........#
#[........#
#.........#
#####.#..##
#...#
##.##..##
#####...#
#..###..#
####...#...#
#.#####.######


You could see an orc warrior.

Vanquished Creatures
  Grinder (D:5)
  A phantom (D:6)
  An ogre (D:4)
  A bullfrog (D:4)
  Dowan (D:5)
  A bullfrog zombie (D:5)
  A crimson imp (D:6)
  A quasit (D:5)
  A jelly (D:5)
  2 orc wizards (D:5)
  2 worker ants
  A killer bee zombie (D:6)
  A worker ant zombie (D:5)
  7 adders
  2 oozes
  An adder skeleton (D:5)
  7 worms
  A dart slug (D:1)
  5 leopard geckos
  9 orcs
  2 giant cockroaches (D:2)
  7 goblins
  9 hobgoblins
  8 jackals (D:1)
  5 kobolds
  A quokka (D:6)
  3 ball pythons
  6 bats
  7 frilled lizards
  2 goblin zombies (D:5)
  3 hobgoblin zombies (D:5)
  An orc zombie (D:5)
  10 rats
111 creatures vanquished.

Vanquished Creatures (others)
  5 toadstools (D:1)
5 creatures vanquished.

Grand Total: 116 creatures vanquished

Notes
Turn   | Place    | Note
-------+----------+-------------------------------------------
     0 | D:1      | Johnny the Demigod Gladiator began the quest for the Orb.
     0 | D:1      | Reached XP level 1. HP: 17/17 MP: 3/3
   158 | D:1      | Reached skill level 3 in Long Blades
   393 | D:1      | Reached XP level 2. HP: 9/24 MP: 4/4
  1112 | D:1      | Reached XP level 3. HP: 24/29 MP: 5/5
  1409 | D:2      | Reached skill level 4 in Long Blades
  1746 | D:2      | Reached XP level 4. HP: 32/36 MP: 6/6
  2070 | D:2      | Reached skill level 5 in Long Blades
  2357 | D:3      | Found a stormy altar of Qazlal.
  2878 | D:3      | Found a sparkling altar of Nemelex Xobeh.
  2880 | D:3      | Found a shattered altar of Ashenzari.
  3048 | D:4      | Noticed an ogre
  3055 | D:4      | Killed an ogre
  3055 | D:4      | Reached skill level 6 in Long Blades
  3055 | D:4      | Reached XP level 5. HP: 41/41 MP: 7/7
  3107 | D:4      | Found a shadowy altar of Dithmenos.
  3109 | D:4      | Found a staircase to the Ecumenical Temple.
  3166 | D:4      | Reached XP level 6. HP: 27/48 MP: 8/8
  3373 | D:5      | Entered Level 5 of the Dungeon
  3373 | D:5      | Noticed Grinder
  3374 | D:5      | Paralysed by Grinder for 3 turns
  3396 | Temple   | Entered the Ecumenical Temple
  3505 | D:5      | Reached skill level 7 in Long Blades
  3866 | D:6      | Reached XP level 7. HP: 32/53 MP: 9/9
  4038 | D:5      | Reached skill level 8 in Long Blades
  4045 | D:5      | Paralysed by Grinder for 5 turns
  4061 | D:5      | Paralysed by Grinder for 3 turns
  4067 | D:5      | Killed Grinder
  4182 | D:5      | Noticed Pikel
  4210 | D:5      | Noticed Dowan
  4534 | D:5      | Killed Dowan
  4659 | D:5      | Mangled by an orc warrior

Levels and vault maps discovered:
D:1:      dpeg_arrival_shelter, layout_loops_corners, minmay_gold_behind_fungi
D:2:      layout_loops_ring, chequers_serial_rivers_room_b,
          grunt_decor_resistance, minmay_heptomino_d4
D:3:      layout_loops_ring, nicolae_overflow_hidden_temple, lemuel_doored_altar
D:4:      layout_rooms, overflow_temple_1_default, temple_statues,
          kennysheep_generic_room_3
D:5:      layout_rooms, nicolae_tso_besieged_by_evil, first_ration,
          kennysheep_nondescript, chequers_serial_rivers_large_a, uniq_grinder,
          uniq_duvessa, uniq_menkaure, uniq_pikel
D:6:      layout_loops_ring, marbit_many_paths, trog_ov_bears_minmay,
          serial_co_window_serial, co_window_corner_a, co_window_paths_b,
          co_window_cross_1, co_window_paths_a, co_window_paths_a,
          co_window_corner_b, co_window_corner_b, co_window_paths_c,
          co_window_2corner, co_window_paths_c, glass_columns_a,
          glass_columns_b, glass_columns_a, glass_columns_a
Temple:   minmay_temple_bridge_abc

Skill      XL: |  1  2  3  4  5  6  7 |
---------------+----------------------+-----
Long Blades    | 3 4 6 7 8 |  8.9
Fighting       | |  1.7
Throwing       | |  1.7
Dodging        | |  2.6

Action                   |  1- 3 |  4- 6 |  7- 9 || total
-------------------------+-------+-------+-------++-------
Melee: Long sword        |   116 |   227 |    49 ||   392
Evoke: Wand              |       |       |     6 ||     6
  Use: Scroll            |       |     1 |       ||     1
       Potion            |       |       |     5 ||     5
 Stab: Sleeping          |     2 |     4 |       ||     6
  Eat: Chunk             |     3 |     7 |       ||    10
       Ration            |       |       |     1 ||     1
Armor: Leather armour    |    38 |    77 |    19 ||   134
       Skin              |       |       |     9 ||     9
Dodge: Dodged            |    78 |   147 |    35 ||   260
       Rpst.: Long sword |    28 |    37 |    15 ||    80
